SAA
BETHESDA ATOMS @ MINNESOTA LOONS
08/06/2028
 
TOP OF THE 1ST
Bethesda Atoms batting - Pitching for Minnesota Loons : RHP Ramón Martínez
Pitching: RHP Ramón Martínez
Batting: RHB Marc Beck 0-0: Foul Ball, location: 2F
0-1: Foul Ball, location: 2F
0-2: Fly out, F7 (Flyball, 7S)
Batting: RHB Carlos Soto 0-0: SINGLE (Line Drive, 8LS)
Batting: RHB Albert Zamudio 0-0: Foul Ball, location: 2F
0-1: Ball
Carlos Soto is caught stealing 2nd base
1-1: Foul Ball, location: 2F
1-2: Ball
2-2: Foul Ball, location: 2F
2-2: Foul Ball, location: 2F
2-2: Strikes out swinging
Top of the 1st over - 0 run(s), 1 hit(s), 0 error(s), 0 left on base; Bethesda 0 - Minnesota 0
BOTTOM OF THE 1ST
Minnesota Loons batting - Pitching for Bethesda Atoms : LHP Mike Foltynewicz
Pitching: LHP Mike Foltynewicz
Batting: RHB Jorge Echevarría 0-0: Ball
1-0: Fly out, F8 (Flyball, 8LM)
Batting: RHB Isuru Tanaka 0-0: Ball
1-0: TRIPLE (Flyball, 8LD)
Batting: LHB Juan Aranda 0-0: Ball
1-0: Swinging Strike
1-1: Ball
2-1: Fly out, F8 (Flyball, 8LXD)
Runner from 3rd tags up, SCORES, no throw
Batting: RHB José Mercado 0-0: Ball
1-0: Called Strike
1-1: Called Strike
1-2: Ball
2-2: SINGLE (Groundball, 56D)
Batting: RHB Taylor Landis 0-0: Called Strike
0-1: Ball
1-1: Swinging Strike
1-2: Foul Ball, location: 2F
1-2: Strikes out swinging
Bottom of the 1st over - 1 run(s), 2 hit(s), 0 error(s), 1 left on base; Bethesda 0 - Minnesota 1
TOP OF THE 2ND
Bethesda Atoms batting - Pitching for Minnesota Loons : RHP Ramón Martínez
Batting: RHB Jorge Cortéz 0-0: Ball
1-0: Called Strike
1-1: Ball
2-1: Foul Ball, location: 2F
2-2: Foul Ball, location: 2F
2-2: Fly out, F8 (Flyball, 8RD)
Batting: RHB Carlos Deleón 0-0: Called Strike
0-1: Foul Ball, location: 2F
0-2: Strikes out swinging
Batting: RHB Héctor Amador 0-0: Called Strike
0-1: Ball
1-1: Ball
2-1: Called Strike
2-2: Ball
3-2: Ground out 6-3 (Groundball, 56)
Top of the 2nd over - 0 run(s), 0 hit(s), 0 error(s), 0 left on base; Bethesda 0 - Minnesota 1
BOTTOM OF THE 2ND
Minnesota Loons batting - Pitching for Bethesda Atoms : LHP Mike Foltynewicz
Batting: SHB António Zúñiga 0-0: Called Strike
0-1: DOUBLE (Flyball, 78XD)
Batting: RHB Todd Franklin 0-0: Ball
1-0: Ball
2-0: Ball
3-0: Called Strike
3-1: Fly out, F7 (Flyball, 7LM)
Batting: SHB Chavo Guerrero, Jr. 0-0: Ball
1-0: Ball
2-0: Ball
3-0: Base on Balls
Batting: RHB Joaquín Villarreal 0-0: Called Strike
António Zúñiga steals 3rd base
Chavo Guerrero, Jr. to second
0-1: Ground out 6-3 (Groundball, 6D)
António Zúñiga scores
Batting: RHB Jorge Echevarría 0-0: Ground out 6-3 (Groundball, 56)
Bottom of the 2nd over - 1 run(s), 1 hit(s), 0 error(s), 1 left on base; Bethesda 0 - Minnesota 2
TOP OF THE 3RD
Bethesda Atoms batting - Pitching for Minnesota Loons : RHP Ramón Martínez
Batting: RHB Enoch Reinhardt 0-0: Called Strike
0-1: Foul Ball, location: 2F
0-2: Foul Ball, location: 2F
0-2: Strikes out looking
Batting: RHB Enrique Ibarra 0-0: Swinging Strike
0-1: Swinging Strike
0-2: SINGLE (Flyball, 7S)
Batting: RHB Raúl Francisco 0-0: Called Strike
0-1: Fly out, F9 (Flyball, 9S)
Batting: RHB Marc Beck 0-0: Ball
1-0: Called Strike
Enrique Ibarra steals 2nd base
1-1: Ball
2-1: Called Strike
2-2: Ball
3-2: Ground out 1-3 (Groundball, 15)
Top of the 3rd over - 0 run(s), 1 hit(s), 0 error(s), 1 left on base; Bethesda 0 - Minnesota 2
BOTTOM OF THE 3RD
Minnesota Loons batting - Pitching for Bethesda Atoms : LHP Mike Foltynewicz
Batting: RHB Isuru Tanaka 0-0: Called Strike
0-1: Fly out, F7 (Flyball, 7S)
Batting: LHB Juan Aranda 0-0: Ball
1-0: Called Strike
1-1: Swinging Strike
1-2: Ball
2-2: Ball
3-2: Fly out, F8 (Flyball, 8LM)
Batting: RHB José Mercado 0-0: Called Strike
0-1: Swinging Strike
0-2: Fly out, F4 (Line Drive, 4M)
Bottom of the 3rd over - 0 run(s), 0 hit(s), 0 error(s), 0 left on base; Bethesda 0 - Minnesota 2
TOP OF THE 4TH
Bethesda Atoms batting - Pitching for Minnesota Loons : RHP Ramón Martínez
Batting: RHB Carlos Soto 0-0: Called Strike
0-1: Ground out 6-3 (Groundball, 6)
Batting: RHB Albert Zamudio 0-0: Foul Ball, location: 2F
0-1: SINGLE (Line Drive, 34)
Batting: RHB Jorge Cortéz 0-0: Ball
Albert Zamudio steals 2nd base
1-0: Ball
2-0: SINGLE (Groundball, 25) (infield hit)
Albert Zamudio to third
Batting: RHB Carlos Deleón 0-0: Foul Ball, location: 2F
0-1: Ball
1-1: Ball
2-1: Ball
3-1: Grounds into double play, 6-4-3 (Groundball, 56)
Top of the 4th over - 0 run(s), 2 hit(s), 0 error(s), 1 left on base; Bethesda 0 - Minnesota 2
BOTTOM OF THE 4TH
Minnesota Loons batting - Pitching for Bethesda Atoms : LHP Mike Foltynewicz
Batting: RHB Taylor Landis 0-0: Ball
1-0: Ball
2-0: Ball
3-0: Called Strike
3-1: Base on Balls
Batting: SHB António Zúñiga 0-0: Ball
1-0: Ball
2-0: Called Strike
2-1: SINGLE (Groundball, 4MD)
Taylor Landis to second
Runner from 2nd tries for 3rd, SAFE, throw made to third
António Zúñiga to second
Batting: RHB Todd Franklin 0-0: Ball
1-0: Called Strike
1-1: Foul Ball, location: 2F
1-2: Reached on error, E8 (Flyball, 89M)
Taylor Landis scores
António Zúñiga to third
Batting: SHB Chavo Guerrero, Jr. 0-0: Ball
Wild Pitch!
António Zúñiga scores
Todd Franklin to second
1-0: Foul Ball, location: 2F
1-1: DOUBLE (Line Drive, 7D)
Todd Franklin scores
Batting: RHB Joaquín Villarreal 0-0: Fly out, F8 (Flyball, 8RD)
Batting: RHB Jorge Echevarría 0-0: Ball
Chavo Guerrero, Jr. steals 3rd base
1-0: Ball
2-0: Called Strike
2-1: SINGLE (Groundball, 56D)
Chavo Guerrero, Jr. scores
Batting: RHB Isuru Tanaka 0-0: Called Strike
Jorge Echevarría steals 2nd base
0-1: Ball
1-1: Called Strike
1-2: Ground out 5-3 (Groundball, 56)
Batting: LHB Juan Aranda 0-0: Ball
1-0: Ball
2-0: Called Strike
2-1: Swinging Strike
2-2: Foul Ball, location: 2F
2-2: Ground out 6-3 (Groundball, 6)
Bottom of the 4th over - 4 run(s), 3 hit(s), 1 error(s), 1 left on base; Bethesda 0 - Minnesota 6
TOP OF THE 5TH
Bethesda Atoms batting - Pitching for Minnesota Loons : RHP Ramón Martínez
Batting: RHB Héctor Amador 0-0: Ball
1-0: Ball
2-0: Ball
3-0: Called Strike
3-1: SINGLE (Line Drive, 6D)
Batting: RHB Enoch Reinhardt 0-0: Ball
1-0: Reached on error, E4 (Groundball, 4)
Héctor Amador to second
Batting: RHB Enrique Ibarra 0-0: Called Strike
0-1: Foul Ball, location: 2F
0-2: Ball
1-2: DOUBLE (Flyball, 8RM)
Héctor Amador scores
Enoch Reinhardt to third
Batting: RHB Raúl Francisco 0-0: Ball
1-0: Swinging Strike
1-1: Called Strike
1-2: TRIPLE (Groundball, 3L)
Enoch Reinhardt scores
Enrique Ibarra scores
Batting: RHB Marc Beck 0-0: Fly out, F9 (Flyball, 9LSF)
Runner from 3rd tags up, SCORES, no throw
Batting: RHB Carlos Soto 0-0: Ball
1-0: Called Strike
1-1: Ball
2-1: Foul Ball, location: 2F
2-2: Ball
3-2: Base on Balls
Batting: RHB Albert Zamudio 0-0: Ball
Carlos Soto is caught stealing 2nd base
1-0: Ball
2-0: Ball
3-0: Called Strike
3-1: Ground out 4-3 (Groundball, 34)
Top of the 5th over - 4 run(s), 3 hit(s), 1 error(s), 0 left on base; Bethesda 4 - Minnesota 6
BOTTOM OF THE 5TH
Minnesota Loons batting - Pitching for Bethesda Atoms : LHP Mike Foltynewicz
Pitching: RHP Robby McDonald
Batting: RHB José Mercado 0-0: SINGLE (Flyball, 89S)
Batting: RHB Taylor Landis 0-0: Ball
1-0: Foul Ball, location: 2F
1-1: Foul Ball, location: 2F
1-2: Foul Ball, location: 2F
1-2: Grounds into double play, 6-4-3 (Groundball, 6M)
Batting: SHB António Zúñiga 0-0: Called Strike
0-1: Ball
1-1: Ball
2-1: Ball
3-1: Base on Balls
Batting: RHB Todd Franklin 0-0: Called Strike
0-1: Ball
1-1: Ball
2-1: Foul Ball, location: 2F
2-2: Fly out, F7 (Flyball, 7)
Bottom of the 5th over - 0 run(s), 1 hit(s), 0 error(s), 1 left on base; Bethesda 4 - Minnesota 6
TOP OF THE 6TH
Bethesda Atoms batting - Pitching for Minnesota Loons : RHP Ramón Martínez
Batting: RHB Jorge Cortéz 0-0: Called Strike
0-1: Ball
1-1: Called Strike
1-2: Foul Ball, location: 2F
1-2: Strikes out swinging
Batting: RHB Carlos Deleón 0-0: Ball
1-0: Ground out 6-3 (Groundball, 6M)
Batting: RHB Héctor Amador 0-0: Ball
1-0: SINGLE (Groundball, 4M) (infield hit)
Batting: RHB Enoch Reinhardt 0-0: Fly out, F9 (Flyball, 9LS)
Top of the 6th over - 0 run(s), 1 hit(s), 0 error(s), 1 left on base; Bethesda 4 - Minnesota 6
BOTTOM OF THE 6TH
Minnesota Loons batting - Pitching for Bethesda Atoms : RHP Robby McDonald
Batting: SHB Chavo Guerrero, Jr. 0-0: Ball
1-0: Foul Ball, location: 2F
1-1: Fly out, F4 (Popup, 4D)
Batting: RHB Joaquín Villarreal 0-0: Called Strike
0-1: Foul Ball, location: 2F
0-2: Fly out, F8 (Flyball, 78S)
Batting: RHB Jorge Echevarría 0-0: Ball
1-0: Swinging Strike
1-1: Foul Ball, location: 2F
1-2: Foul Ball, location: 2F
1-2: Foul Ball, location: 2F
1-2: Strikes out swinging
Bottom of the 6th over - 0 run(s), 0 hit(s), 0 error(s), 0 left on base; Bethesda 4 - Minnesota 6
TOP OF THE 7TH
Bethesda Atoms batting - Pitching for Minnesota Loons : RHP Ramón Martínez
Batting: RHB Enrique Ibarra 0-0: Called Strike
0-1: Ground out 4-3 (Groundball, 4)
Batting: RHB Raúl Francisco 0-0: Ball
1-0: SINGLE (Groundball, 56D)
Batting: RHB Marc Beck 0-0: Called Strike
Raúl Francisco steals 2nd base
0-1: SINGLE (Flyball, 89S)
Raúl Francisco to third
Runner from 3rd tries for Home, SAFE, no throw
Pinch Hitting: LHB Diego Rosas 0-0: Called Strike
0-1: Called Strike
0-2: Ball
1-2: Strikes out swinging
Pitching: RHP José Marroquín
Pinch Hitting: SHB Nuygen Vuong 0-0: Foul Ball, location: 2F
0-1: SINGLE (Groundball, 2L) (infield hit)
Marc Beck to second
Batting: RHB Jorge Cortéz 0-0: Called Strike
0-1: Called Strike
0-2: Strikes out looking
Top of the 7th over - 1 run(s), 3 hit(s), 0 error(s), 2 left on base; Bethesda 5 - Minnesota 6
BOTTOM OF THE 7TH
Minnesota Loons batting - Pitching for Bethesda Atoms : RHP Robby McDonald
Now at 1B: Leroy Rijerkerk
Now in RF: Diego Rosas
Batting: RHB Isuru Tanaka 0-0: Ball
1-0: Ball
2-0: Ball
3-0: Foul Ball, location: 2F
3-1: Base on Balls
Batting: LHB Juan Aranda 0-0: Ball
1-0: Called Strike
1-1: Ball
2-1: Fly out, F7 (Flyball, 7S)
Batting: RHB José Mercado 0-0: Ball
1-0: Called Strike
1-1: Ball
2-1: Called Strike
2-2: Grounds into double play, 5-4-3 (Groundball, 56)
Bottom of the 7th over - 0 run(s), 0 hit(s), 0 error(s), 0 left on base; Bethesda 5 - Minnesota 6
TOP OF THE 8TH
Bethesda Atoms batting - Pitching for Minnesota Loons : RHP José Marroquín
Batting: RHB Carlos Deleón 0-0: Ball
1-0: Foul Ball, location: 2F
1-1: Ball
2-1: SINGLE (Groundball, 56D)
Batting: RHB Héctor Amador 0-0: Bunt missed!
0-1: Bunted foul
0-2: Ball
1-2: Ball
2-2: SINGLE (Groundball, 15S) (infield hit)
Carlos Deleón to second
Batting: RHB Enoch Reinhardt 0-0: Sac Bunt - play at first, batter OUT! 1-4
Carlos Deleón to third
Héctor Amador to second
Batting: RHB Enrique Ibarra 0-0: Ball
1-0: Ball
2-0: Called Strike
2-1: Foul Ball, location: 2F
2-2: Ball
3-2: Base on Balls
Pinch Hitting: LHB Raúl Godines 0-0: Ball
1-0: Foul Ball, location: 2F
1-1: Foul Ball, location: 2F
1-2: Fly out, F9 (Flyball, 9LM)
Runner from 3rd tags up, SCORES, throw made
Batting: RHB Marc Beck 0-0: Called Strike
0-1: Ball
1-1: Foul Ball, location: 2F
1-2: Ball
2-2: Strikes out swinging
Top of the 8th over - 1 run(s), 2 hit(s), 0 error(s), 2 left on base; Bethesda 6 - Minnesota 6
BOTTOM OF THE 8TH
Minnesota Loons batting - Pitching for Bethesda Atoms : RHP Robby McDonald
Now at 3B: Raúl Godines
Batting: RHB Taylor Landis 0-0: Ball
1-0: Ball
2-0: Ball
3-0: Base on Balls
Pinch Runner at 1st Arnau Zabajeta:
Batting: SHB António Zúñiga 0-0: Bunt missed!
0-1: Bunted foul
0-2: Strikes out swinging
Arnau Zabajeta steals 2nd base
Batter strikes out.
Pinch Hitting: LHB Alfredo Arévalo 0-0: Intentional Walk
Pitching: LHP Hakan Yilmanz
Batting: SHB Chavo Guerrero, Jr. 0-0: Foul Ball, location: 2F
0-1: SINGLE (Line Drive, 6MD)
Arnau Zabajeta to third
Alfredo Arévalo to second
Runner from 3rd tries for Home, SAFE, no throw
Batting: RHB Joaquín Villarreal 0-0: Ball
1-0: Ball
2-0: Fly out, F7 (Flyball, 7)
Batting: RHB Jorge Echevarría 0-0: Called Strike
0-1: Ball
1-1: Fly out, F2 (Popup, 3S)
Bottom of the 8th over - 1 run(s), 1 hit(s), 0 error(s), 2 left on base; Bethesda 6 - Minnesota 7
TOP OF THE 9TH
Bethesda Atoms batting - Pitching for Minnesota Loons : RHP José Marroquín
Pitching: RHP José Juárez
Now in LF: Arnau Zabajeta
Batting: LHB Diego Rosas 0-0: Single, Error in OF, E9, batter to second base
Now in RF: Alfredo Arévalo
Pinch Hitting: RHB Chase Mooney 0-0: Ball
1-0: Foul Ball, location: 2F
1-1: Ground out 6-3 (Groundball, 6)
Batting: RHB Jorge Cortéz 0-0: Ball
1-0: Ball
2-0: Swinging Strike
2-1: Ground out 6-3 (Groundball, 6S)
Diego Rosas to third
Pinch Hitting: RHB Carlos Ávila 0-0: Called Strike
0-1: Ball
1-1: Ground out 1-3 (Groundball, P)
Top of the 9th over - 0 run(s), 1 hit(s), 1 error(s), 1 left on base; Bethesda 6 - Minnesota 7
Wednesday, August 23rd, 2017 - OOTP Baseball 17.12 Build 75